 Dungeon Crawl Stone Soup version 0.22.0-38-g04b72b8 (webtiles) character file.

235 leisz the Skirmisher (level 5, -3/42 HPs)
             Began as a Demonspawn Abyssal Knight on Aug 26, 2018.
             Was a Priest of Lugonu.
             Killed by nerve-wracking pain
             ... invoked by Grinder
              (11 damage)
             ... while paralysed by Grinder
             ... on level 3 of the Dungeon.
             The game lasted 00:08:37 (2650 turns).

leisz the Skirmisher (Demonspawn Abyssal Knight)    Turns: 2650, Time: 00:08:38

Health: -3/42      AC:  7    Str: 12    XL:     5   Next: 76%
Magic:  6/6        EV:  2    Int: 13    God:    Lugonu [***...]
Gold:   72         SH:  0    Dex: 14    Spells: 4/4 levels left

rFire    . . .     SeeInvis .   a - +2 mace
rCold    + . .     Gourm    .   (no shield)
rNeg     . . .     Faith    .   p - +0 ring mail
rPois    .         Spirit   .   (no helmet)
rElec    .         Reflect  .   (no cloak)
rCorr    .         Harm     .   (no gloves)
MR       .....                  (no boots)
Stlth    ++........             (no amulet)
HPRegen  0.14/turn              k - ring of protection from cold
MPRegen  0.10/turn              (no ring)

@: paralysed, lethally poisoned (-3 -> -4)
A: hooves 1, molten scales 1, nightstalker 1
a: Depart the Abyss, Bend Space, Banish, Renounce Religion


You were on level 3 of the Dungeon.
You worshipped Lugonu.
Lugonu was most pleased with you.
You were hungry.

You visited 1 branch of the dungeon, and saw 3 of its levels.
You visited the Abyss 1 time.

You collected 72 gold pieces.

Inventory:

Hand Weapons
 a - a +2 mace (weapon)
Missiles
 d - 44 stones (quivered)
 o - 5 tomahawks
Armour
 b - a +0 leather armour
 m - a +0 chain mail
 p - a +0 ring mail (worn)
Jewellery
 k - a ring of protection from cold (left hand)
Scrolls
 e - 2 scrolls of identify
 h - a scroll of remove curse
 i - a scroll of fear {unknown}
Potions
 f - a potion of haste
 j - a potion of ambrosia {unknown}
 l - a potion of curing
Comestibles
 c - 6 rations
 g - 4 chunks of flesh


   Skills:
 + Level 4.1 Fighting
 + Level 3.1 Maces & Flails
 + Level 3.1 Armour
 + Level 2.5 Dodging
 - Level 2.4 Invocations


You had 4 spell levels left.
You didn't know any spells.
Your spell library was empty.

Dungeon Overview and Level Annotations

Branches:
Dungeon (3/15)

Altars:

Annotations:
D:3 Grinder


Innate Abilities, Weirdness & Mutations

You have large cloven feet.
You are partially covered in molten scales. (AC +2)
You are slightly more attuned to the shadows.


Message History

Found a scroll labeled PUQAAJ AKHUIMU.
Things that are here:
an uncursed dagger of distortion; an uncursed blowgun; 14 poisoned needles You feel sick.
Found a stone staircase leading down.
You feel sick.
i - a scroll labeled PUQAAJ AKHUIMU Your extra speed is starting to run out.
You feel sick.
There is a stone staircase leading down here.
You start resting.
You feel sick.
You feel yourself slow down.
You feel sick. Grinder gestures at you.
You suddenly lose the ability to move!
You are feeling hungry.
Grinder gestures at you. Pain shoots through your body!
You die...

# .# .# .
###########
..........#
##....).#.########
5'.(.......5....@#
.#......#.######.#
.########.# #.# .#
#.# #.# .# #.# #.#
.# #.# #.# .# #.#
#.#


You could see Grinder.

Vanquished Creatures
  Jessica (D:2)
  Natasha (thrice) (D:2)
  6 adders
  3 worms
  A dart slug (D:3)
  7 bats
  7 giant cockroaches
  9 goblins
  9 hobgoblins
  10 kobolds
  A quokka (D:3)
  7 frilled lizards
  10 rats
74 creatures vanquished.

Notes
Turn   | Place    | Note
-------+----------+-------------------------------------------
     0 | Abyss:1  | leisz the Demonspawn Abyssal Knight began the quest for the Orb.
     0 | Abyss:1  | Reached XP level 1. HP: 18/18 MP: 2/2
    21 | D:1      | Escaped the Abyss
    47 | D:1      | Reached skill level 1 in Dodging
   412 | D:1      | Gained mutation: You have large cloven feet. [demonic ancestry]
   412 | D:1      | Reached XP level 2. HP: 17/24 MP: 3/3
   789 | D:1      | Reached ** piety under Lugonu
   873 | D:1      | Reached XP level 3. HP: 28/29 MP: 4/4
  1443 | D:2      | Gained mutation: You are partially covered in molten scales. (AC +2) [demonic ancestry]
  1443 | D:2      | Reached XP level 4. HP: 27/35 MP: 5/5
  1475 | D:2      | Noticed Natasha
  1498 | D:2      | Killed Natasha
  1656 | D:2      | Noticed Jessica
  1667 | D:2      | Killed Jessica
  1693 | D:2      | Noticed Natasha
  1710 | D:2      | Killed Natasha
  1710 | D:2      | Gained mutation: You are slightly more attuned to the shadows. [demonic ancestry]
  1710 | D:2      | Reached XP level 5. HP: 16/42 MP: 6/6
  1954 | D:2      | Noticed Natasha
  1959 | D:2      | Killed Natasha
  1959 | D:2      | Reached skill level 4 in Fighting
  2374 | D:3      | Reached *** piety under Lugonu
  2555 | D:3      | Noticed Grinder
  2648 | D:3      | Paralysed by Grinder for 5 turns
  2650 | D:3      | Killed from afar by Grinder

Skill      XL: |  1  2  3  4  5 |
---------------+----------------+-----
Dodging        | 1 2 |  2.5
Armour         | 2 3 |  3.1
Maces & Flails | 2 3 |  3.1
Fighting       | 4 |  4.1
Invocations    | |  2.4

Action                   |  1- 3 |  4- 6 || total
-------------------------+-------+-------++-------
Melee: Mace              |   114 |   114 ||   228
       Kick              |    18 |    28 ||    46
Throw: Stone             |    42 |    30 ||    72
  Use: Scroll            |       |     7 ||     7
       Potion            |       |     1 ||     1
 Stab: Sleeping          |       |     1 ||     1
  Eat: Chunk             |     2 |       ||     2
       Ration            |       |     1 ||     1
Armor: Leather armour    |    32 |       ||    32
       Ring mail         |       |    40 ||    40
Dodge: Dodged            |    85 |    80 ||   165
